 Dungeon Crawl Stone Soup version 0.30-a0-778-g2ef04afb54 (webtiles) character file.

Game seed: 9220202504674761508

1400 BubbleThief the Purveyor of Pain (level 8, 0/55 (63) HPs)
             Began as a Demonspawn Necromancer on Feb 16, 2023.
             Was an Initiate of Kikubaaqudgha.
             Slain by a wight
             ... wielding a +4 falchion of freezing
              (5 damage)
             ... on level 6 of the Dungeon.
             The game lasted 00:11:28 (6725 turns).

BubbleThief the Purveyor of Pain (DsNe)             Turns: 6725, Time: 00:11:28

HP:   0/55 (63)     AC: 11    Str:  8    XL:     8   Next: 41%
MP:   15/15         EV: 12    Int: 18    God:    Kikubaaqudgha [......]
Gold: 351           SH:  0    Dex: 15    Spells: 9/17 levels left

rFire   . . .      SeeInvis .    G - +3 dagger (venom)
rCold   . . .      Faith    .    w - orb {light}
rNeg    . . .      Spirit   .    H - +0 robe {Will+}
rPois   .          Reflect  .    (helmet restricted)
rElec   .          Harm     .    (no cloak)
rCorr   .          Rampage  .    (no gloves)
Will    ++...                    h - +2 pair of boots {Stlth+}
Stlth   +                        E - amulet of magic regeneration
HPRegen 0.29/turn                d - ring of willpower
MPRegen 0.54/turn                g - ring of flight

@: sanguine armoured, flying, glowing, heavily drained
A: antennae 2, demonic guardian 1, powered by pain 1, sanguine armour 1
a: Renounce Religion


You were on level 6 of the Dungeon.
You worshipped Kikubaaqudgha.
Kikubaaqudgha was noncommittal.
You visited 2 branches of the dungeon, and saw 7 of its levels.

You collected 351 gold pieces.

Inventory:

Hand Weapons
 G - a +3 dagger of venom (weapon)
Armour
 f - a +1 ring mail of fire resistance
 h - a +2 pair of boots of stealth (worn)
 w - an orb of light (worn)
 H - a +0 robe of willpower (worn)
Magical Staves
 D - a staff of death
Jewellery
 d - a ring of willpower (left hand)
 g - a ring of flight (right hand)
 E - an amulet of magic regeneration (around neck)
Wands
 A - a wand of digging (1)
 F - a wand of flame (12)
Scrolls
 i - 2 scrolls of enchant armour {unknown}
 j - a scroll of fear {unknown}
 k - 4 scrolls of fog {unknown}
 l - a scroll of teleportation {unknown}
 p - 4 scrolls of identify {unknown}
 s - a scroll of torment {unknown}
 t - 2 scrolls of enchant weapon {unknown}
 v - a scroll of magic mapping {unknown}
 x - 4 scrolls of immolation {unknown}
 y - a scroll of amnesia {unknown}
 B - a scroll of poison {unknown}
 C - a scroll of vulnerability {unknown}
Potions
 b - a potion of magic
 c - a potion of berserk rage {unknown}
 e - a potion of ambrosia {unknown}
 m - a potion of mutation {unknown}
 n - 2 potions of heal wounds {unknown}
 o - 2 potions of flight {unknown}
 q - a potion of attraction {unknown}
 r - 2 potions of brilliance {unknown}
 u - 3 potions of degeneration {unknown}
 z - 2 potions of curing {unknown}


   Skills:
 + Level 5.4 Fighting
 - Level 2.5 Short Blades
 - Level 1.7 Dodging
 - Level 1.7 Stealth
 + Level 5.2 Spellcasting
 + Level 8.0 Necromancy


You had 9 spell levels left.
You knew the following spells:

 Your Spells              Type           Power      Damage    Failure   Level
a - Necrotise             Necr           100%       1d9       1%          1
b - Vampiric Draining     Necr           33%        2d8       1%          3
c - Animate Dead          Necr           33%        N/A       4%          4

Your spell library contained the following spells:

 Spells                   Type           Power      Damage    Failure   Level
 Cigotuvi's Dreadful Rot  Necr/Pois/Air  28%        N/A       7%          2
 Magic Dart               Conj           16%        1d3       13%         1
 Agony                    Necr           33%        N/A       13%         5
 Poisonous Vapours        Pois/Air       8%         N/A       21%         2
 Searing Ray              Conj           8%         2d4       21%         2
 Mephitic Cloud           Conj/Pois/Air  4%         N/A       36%         3
 Ozocubu's Armour         Ice            4%         N/A       36%         3
 Fulminant Prism          Conj/Hex       2%         3d5       78%         4
 Summon Lightning Spire   Summ/Air       4%         N/A       78%         4
 Ozocubu's Refrigeration  Ice            2%         4d7       100%        7
 Storm Form               Tmut/Air       2%         N/A       100%        7
 Maxwell's Capacitive Co  Air            2%         ∞         100%        8


Dungeon Overview and Level Annotations

Branches:
Dungeon (6/15)             Temple (1/1) D:5

Altars:
Ashenzari
Cheibriados
Dithmenos
Fedhas
Gozag
Hepliaklqana
Kikubaaqudgha
Makhleb
Nemelex Xobeh
Okawaru
Ru
Sif Muna
Trog
Uskayaw
Vehumet
Wu Jian
Xom
Yredelemnul

Shops:
D:1 ?   D:5 *=(*=

Annotations:
Temple 2 transporters


Innate Abilities, Weirdness & Mutations

You have a pair of antennae on your head.
A weak demonic guardian rushes to your aid.
You sometimes gain a little power by taking damage.
When seriously injured, your blood forms armour. (AC +6)


Message History

You swap places.
Your iron imp closely misses the wight.
The wight hits you from afar with a +3 trident of freezing!
The wight freezes you.
Your iron imp hits the wight.
Your iron imp hits the wight.
The wight barely misses your iron imp.
Your iron imp barely misses the wight.
The wight hits your iron imp with a +4 falchion of freezing!
Your iron imp disappears in a puff of smoke!
The wight attacks as you move away! The wight barely misses you.
The wight attacks as you move away!
The wight hits you with a +4 falchion of freezing.
The wight freezes you.
Okay, then.
Okay, then.
Unknown command.
You hit the wight but do no damage.
The wight is heavily damaged.
The wight hits you with a +4 falchion of freezing.
You feel drained. The wight freezes you. The wight closely misses you.
You hit the wight but do no damage.
The wight is heavily damaged.
The wight hits you with a +4 falchion of freezing.
You feel drained. The wight freezes you. The wight barely misses you.
The wight attacks as you move away! The wight barely misses you.
The wight attacks as you move away!
The wight hits you with a +4 falchion of freezing!
* * * LOW HITPOINT WARNING * * *
You feel drained.
* * * LOW HITPOINT WARNING * * *
The wight freezes you.
* * * LOW HITPOINT WARNING * * *
Things that are here:
a +0 scimitar; a +0 robe
Okay, then.
Things that are here:
a +4 dagger; a +0 robe The wight attacks as you move away!
The wight hits you with a +4 falchion of freezing.
You die...
Kikubaaqudgha rasps: "You have failed me!
Welcome... death!"

##.### ##...##
#...... #....#
##'## ####.##
#..#.###### #.#
#.# #.........#
#.# #.#
#.##.####.# ##.##
#.# #....#
#)###...## #.#
###### #z##.....#
#.# #z###...##
#.#
#@####.########.#
#...............#
#################


You could see 2 wights.

Vanquished Creatures
  2 ice beasts
  2 black bears (D:5)
  2 ogres (D:5)
  A necrophage (D:6)
  A bullfrog (D:6)
  2 scorpions
  2 wights (D:6)
  3 hounds
  3 orc wizards (D:6)
  6 adders
  A shadow imp (D:6)
  A white imp (D:6)
  An ufetubus (D:5)
  6 worms
  4 dart slugs
  4 orcs
  6 ball pythons
  8 bats
  10 endoplasms
  4 giant cockroaches
  7 goblins
  5 hobgoblins
  4 jackals
  5 quokkas
  6 frilled lizards
  2 kobolds (D:3)
  2 rats
100 creatures vanquished.

Vanquished Creatures (collateral kills)
  A phantom (D:5)
  A necrophage (D:4)
  A hound (D:4)
  An adder (D:2)
  An orc (D:4)
  A jackal (D:3)
  A frilled lizard (D:1)
  3 goblins
10 creatures vanquished.

Vanquished Creatures (others)
  3 orc zombies (D:6)
  A plant (D:1)
4 creatures vanquished.

Grand Total: 114 creatures vanquished

Notes
Turn   | Place    | Note
-------+----------+-------------------------------------------
     0 | D:1      | BubbleThief the Demonspawn Necromancer began the quest for
                  | the Orb.
     0 | D:1      | Reached XP level 1. HP: 13/13 MP: 3/3
   201 | D:1      | Gained mutation: A weak demonic guardian rushes to your
                  | aid. [demonic ancestry]
   201 | D:1      | Reached XP level 2. HP: 19/19 MP: 3/5
   419 | D:1      | Reached skill level 5 in Necromancy
   534 | D:1      | Found Bewuik's Magic Scroll Boutique.
   922 | D:2      | Gained mutation: When seriously injured, your blood forms
                  | armour. (AC +6) [demonic ancestry]
   922 | D:2      | Reached XP level 3. HP: 22/24 MP: 0/6
  1347 | D:2      | Found a broken altar of Ashenzari.
  1906 | D:3      | Gained mutation: You have a pair of small antennae on your
                  | head. [demonic ancestry]
  1906 | D:3      | Reached XP level 4. HP: 30/30 MP: 6/8
  2547 | D:3      | Found a sparkling altar of Nemelex Xobeh.
  2559 | D:3      | Found a shadowy altar of Dithmenos.
  2622 | D:3      | Found a hazy altar of Hepliaklqana.
  2623 | D:3      | Found a bloodstained altar of Trog.
  2625 | D:3      | Found a snail-covered altar of Cheibriados.
  2626 | D:3      | Found a shimmering altar of Xom.
  3230 | D:4      | Reached skill level 6 in Necromancy
  3547 | D:4      | Reached skill level 1 in Fighting
  3547 | D:4      | Reached skill level 1 in Short Blades
  3547 | D:4      | Reached XP level 5. HP: 37/37 MP: 4/9
  3971 | D:4      | Gained mutation: You have a pair of antennae on your head.
                  | [demonic ancestry]
  3971 | D:4      | Reached XP level 6. HP: 39/46 MP: 10/10
  4530 | D:4      | Learned a level 3 spell: Vampiric Draining
  4535 | D:4      | Learned a level 4 spell: Animate Dead
  4549 | D:5      | Entered Level 5 of the Dungeon
  4927 | D:5      | Gained mutation: You sometimes gain a little power by
                  | taking damage. [demonic ancestry]
  4927 | D:5      | Reached XP level 7. HP: 21/52 MP: 12/12
  5099 | D:5      | Found Haca's General Store.
  5138 | D:5      | Found a staircase to the Ecumenical Temple.
  5148 | Temple   | Entered the Ecumenical Temple
  5148 | Temple   | Found a transporter.
  5148 | Temple   | Found a transporter.
  5150 | Temple   | Found a transporter.
  5150 | Temple   | Found a transporter.
  5170 | Temple   | Became a worshipper of Kikubaaqudgha
  5215 | D:5      | Found Wehah's Weapon Boutique.
  5238 | D:5      | Found Ushrex's Assorted Antiques.
  5274 | D:5      | Found Cofycrou's Jewellery Emporium.
  5358 | D:5      | Reached skill level 7 in Necromancy
  5594 | D:5      | Identified the +6 whip "Fymuzoas" {drain, *Rage rF+ rCorr}
  5687 | D:5      | Found Restac's Jewellery Boutique.
  5808 | D:6      | Reached XP level 8. HP: 49/61 MP: 8/14
  6043 | D:6      | Found a radiant altar of Vehumet.
  6121 | D:6      | Reached skill level 5 in Fighting
  6216 | D:6      | Reached skill level 5 in Spellcasting
  6519 | D:6      | Reached skill level 8 in Necromancy
  6725 | D:6      | Slain by a wight

Illustrated notes

Levels and vault maps discovered:
D:1:      wheals_arrival_shading, layout_rooms, serial_shops, shop,
          serial_bayou_lake_a
D:2:      layout_basic, basic_altar, minmay_pentomino_p2
D:3:      layout_basic, minitemple, corexii_shack, st_stairs_2
D:4:      layout_basic, zin_scriptorium
D:5:      layout_basic, minmay_temple_entry_junction_2, serial_shops, shop,
          shop, nicolae_take_the_stairs, shop, nicolae_shop_trees
D:6:      layout_loops_corners, amcnicky_altar_gilded, uniq_crazy_yiuf_cottage
Temple:   hellmonk_temple_divided_pantheon

Skill      XL: |  1  2  3  4  5  6  7  8 |
---------------+-------------------------+-----
Necromancy     | 5 6 7 8 |  8.0
Spellcasting   | 3 4 5 |  5.2
Fighting       | 1 2 3 4 5 |  5.4
Short Blades   | 1 2 |  2.5
Dodging        | |  1.7
Stealth        | |  1.7

Action                     |  1- 3 |  4- 6 |  7- 9 || total
---------------------------+-------+-------+-------++-------
  Melee: Unarmed           |     7 |       |       ||     7
         Dagger            |     2 |    66 |    81 ||   149
         Staff             |       |     3 |     1 ||     4
   Cast: Necrotise         |    70 |   120 |    30 ||   220
         Vampiric Draining |       |     1 |    10 ||    11
         Animate Dead      |       |       |     1 ||     1
  Evoke: Wand              |       |       |     6 ||     6
 Armour: Robe              |     5 |    21 |    18 ||    44
  Dodge: Dodged            |    13 |    65 |    55 ||   133

Table legend: (Time is in decaauts)
 A = Elapsed time spent in this place.
 B = Non-inter-level travel time spent in this place.
 C = Inter-level travel time spent in this place.
 D = Time resting spent in this place.
 E = Time spent auto-exploring this place.
 F = Levels seen in this place.
 G = Mean time per level.
                   A        B        C        D        E       F      G
               +--------+--------+--------+--------+--------+-----+--------+
         Total |   6702 |   6516 |    186 |     61 |   5535 |   7 |  957.4 |
       Dungeon |   6650 |   6480 |    170 |     61 |   5530 |   6 | 1108.3 |
        Temple |     51 |     35 |     16 |      0 |      5 |   1 |   51.0 |
               +--------+--------+--------+--------+--------+-----+--------+

Top non-repeatable levels by time:
     D:3: 1459 daAuts
     D:4: 1323 daAuts
     D:5: 1185 daAuts
     D:6: 919 daAuts
     D:1: 907 daAuts
     D:2: 854 daAuts
  Temple: 51 daAuts
